 Dungeon Crawl Stone Soup version 0.25.1-8-g42b30a86e7 (webtiles) character file.

Game seed: 12652742950722533509

832 hehateme the Skirmisher (level 8, -1/53 HPs)
             Began as a Kobold Fighter on Dec 5, 2020.
             Slain by a slave (6 damage)
             ... led by Pikel
             ... on level 4 of the Dungeon.
             The game lasted 00:26:53 (7409 turns).

hehateme the Skirmisher (Kobold Fighter)            Turns: 7409, Time: 00:26:54

Health: -1/53      AC:  9    Str: 15    XL:     8   Next: 18%
Magic:  8/8        EV:  5    Int: 10    God:
Gold:   263        SH:  9    Dex: 14    Spells: 7/7 levels left

rFire    . . .     SeeInvis .   a - +0 war axe
rCold    . . .     Gourm    .   c - +0 kite shield
rNeg     . . .     Faith    .   i - +0 chain mail
rPois    .         Spirit   .   (no helmet)
rElec    .         Reflect  .   (no cloak)
rCorr    .         Harm     .   o - +0 pair of gloves
MR       .....                  (no boots)
Stlth    ..........             (no amulet)
HPRegen  0.17/turn              (no ring)
MPRegen  0.11/turn              (no ring)

@: no status effects
A: small, carnivore
a: no special abilities


You were on level 4 of the Dungeon.
You were completely stuffed.

You visited 1 branch of the dungeon, and saw 5 of its levels.
You also visited: Sewer.

You collected 263 gold pieces.

Inventory:

Hand Weapons
 a - a +0 war axe (weapon)
 j - a +2 short sword of protection
 C - a +0 hunting sling
Missiles
 d - 11 poisoned darts
 k - 3 silver boomerangs
 l - 47 sling bullets
 q - 122 stones (quivered)
 s - 8 boomerangs
 v - 18 arrows
 Q - 18 bolts
Armour
 b - a +0 scale mail
 c - a +0 kite shield (worn)
 i - a +0 chain mail (worn)
 o - a +0 pair of gloves (worn)
 A - a +0 pair of gloves
Jewellery
 h - an uncursed ring of flight {unknown}
 n - a +6 ring of dexterity {unknown}
 t - an uncursed amulet of the acrobat {unknown}
 x - an uncursed ring of poison resistance {unknown}
 y - an uncursed amulet of regeneration {unknown}
Scrolls
 f - 3 scrolls of enchant weapon {unknown}
 m - a scroll of teleportation {unknown}
 p - 2 scrolls of enchant armour {unknown}
 r - a scroll of fog {unknown}
 B - a scroll of remove curse {unknown}
Potions
 g - 6 potions of curing
 u - a potion of berserk rage {unknown}
Comestibles
 e - 8 rations


   Skills:
 + Level 7.2 Fighting
 * Level 3.0 Axes
 - Level 1.0(3.3) Slings
 - Level 5.6 Throwing
 - Level 2.4 Armour
 - Level 2.4 Shields


You had 7 spell levels left.
You didn't know any spells.
Your spell library contained the following spells:

 Spells                   Type           Power        Failure   Level  Hunger
 Poisonous Vapours        Pois/Air       #.....       100%        2    ###....
 Conjure Flame            Conj/Fire      #.......     100%        3    ####...
 Mephitic Cloud           Conj/Pois/Air  #.......     100%        3    ####...
 Freezing Cloud           Conj/Ice/Air   #.........   100%        6    #######
 Ring of Flames           Chrm/Fire      #.........   100%        7    #######


Dungeon Overview and Level Annotations

Branches:
Dungeon (5/15)              Sewer (visited)
 Temple: D:4-7

Altars:
Hepliaklqana
Nemelex Xobeh
Qazlal
Ru
Wu Jian
Yredelemnul
The Shining One

Annotations:
D:3 1 runed translucent door, exclusion: downstairs
D:4 exclusion: upstairs
D:5 Pikel


Innate Abilities, Weirdness & Mutations

You are small and have problems with some larger weapons.
You are carnivorous and can eat meat at any time.


Message History

* * * LOW HITPOINT WARNING * * *
The slave hits you.
* * * LOW HITPOINT WARNING * * *
You take 8 damage, and have 11/53 hp.
You miss the slave. The slave closely misses you.
Your chain mail prevents you from hitting the slave.
You block the slave's attack.
Your shield and chain mail prevent you from hitting the slave.
The sentinel's mark upon you fades away.
The slave barely misses you. The slave hits you.
* * * LOW HITPOINT WARNING * * *
You take 5 damage, and have 6/53 hp.
You barely miss the slave. You block the slave's attack.
You hit the slave but do no damage. The slave hits you but does no damage.
The slave hits you.
* * * LOW HITPOINT WARNING * * *
You take 2 damage, and have 5/53 hp.
You slash the slave! The slave hits you but does no damage.
You hit the slave. The slave hits you but does no damage. The slave hits you.
You die...

#.# #.##....#.....##.#. #.#
#......###..#...... #.#
#..###..#...######. ..#
#...........### ## ..#
##.####.).#...# # ..# #.#
##.##.### # ..######## #h###
#......#####
.........#######.#.###.##.####...
...............p@.#....##.# ####
#.######.#########.######.#
#.#...##.# #.######.## #.....##.#
#.#.......## ###...##.#
#..........# ##.###.#
#.#.###.#..# #.# #.# #.#.# #.#..#
#.# #.# #.#.# #.#..#
####.###.#########.#.###.#..#

Skill      XL: |  1  2  3  4  5  6  7  8 |
---------------+-------------------------+-----
Throwing       | 1 2 3 4 5 |  5.6
Fighting       | 4 5 6 7 |  7.2
Slings         | 1 |  1.0
Axes           | 2 3 |  3.0
Armour         | |  2.4
Shields        | |  2.4

Notes
Turn   | Place    | Note
-------+----------+-------------------------------------------
     0 | D:1      | hehateme the Kobold Fighter began the quest for the Orb.
     0 | D:1      | Reached XP level 1. HP: 14/14 MP: 1/1
   199 | D:1      | Reached skill level 1 in Throwing
   199 | D:1      | Reached XP level 2. HP: 19/19 MP: 2/2
   458 | D:1      | Reached XP level 3. HP: 24/24 MP: 3/3
   689 | D:1      | Reached skill level 4 in Fighting
   729 | D:1      | Reached skill level 2 in Throwing
  1513 | D:2      | Reached XP level 4. HP: 27/29 MP: 4/4
  1819 | D:2      | Found a stormy altar of Qazlal.
  1819 | D:2      | Found a hazy altar of Hepliaklqana.
  1820 | D:2      | Found a sparkling altar of Nemelex Xobeh.
  1830 | D:2      | Found a basalt altar of Yredelemnul.
  2348 | D:3      | Found a glowing drain.
  2475 | Sewer    | Entered a sewer
  2576 | Sewer    | Noticed a big kobold
  2581 | Sewer    | Reached skill level 3 in Throwing
  2595 | Sewer    | Killed a big kobold
  2595 | Sewer    | Reached skill level 5 in Fighting
  2595 | Sewer    | Reached XP level 5. HP: 19/35 MP: 5/5
  2753 | Sewer    | Noticed a big kobold
  2773 | Sewer    | Killed a big kobold
  2773 | Sewer    | Reached skill level 4 in Throwing
  2773 | Sewer    | Reached XP level 6. HP: 20/40 MP: 6/6
  3741 | Sewer    | Reached skill level 6 in Fighting
  4069 | Sewer    | Reached skill level 5 in Throwing
  4069 | Sewer    | Reached XP level 7. HP: 36/46 MP: 7/7
  4298 | D:3      | Found a glowing golden altar of the Shining One.
  5447 | D:3      | Found a runed translucent door.
  5448 | D:3      | Noticed Crazy Yiuf
  5567 | D:4      | HP: 9/47 [scorpion (7)]
  5572 | D:4      | HP: 10/47 [poisoned by a scorpion]
  5776 | D:4      | Reached skill level 1 in Slings
  5983 | D:4      | Found an ornate altar of the Wu Jian Council.
  5992 | D:4      | Noticed Menkaure
  6522 | D:4      | Killed Menkaure
  6522 | D:4      | Reached skill level 7 in Fighting
  6522 | D:4      | Reached skill level 2 in Axes
  6522 | D:4      | Reached XP level 8. HP: 53/53 MP: 8/8
  6718 | D:4      | Found a sacrificial altar of Ru.
  7288 | D:5      | Entered Level 5 of the Dungeon
  7333 | D:5      | Reached skill level 3 in Axes
  7349 | D:5      | Noticed Pikel
  7395 | D:4      | HP: 10/53 [ogre/+0 giant club (19)]
  7402 | D:4      | HP: 11/53 [slave[Pikel] (5)]
  7407 | D:4      | HP: 5/53 [slave[Pikel] (2)]
  7409 | D:4      | Slain by a slave

Table legend:
 A = Turns spent in this place as a percentage of turns spent in the entire game.
 B = Non-inter-level travel turns spent in this place as a percentage of non-inter-level travel turns spent in the entire game.
 C = Inter-level travel turns spent in this place as a percentage of turns spent in this place.
 D = Turns resting spent in this place as a percentage of non-inter-level travel turns spent in this place.
 E = Turns spent auto-exploring this place as a percentage of non-inter-level travel turns spent in this place.
 F = Non-inter-level travel turns spent in this place divided by the number of levels of this place that you've seen.
                   A       B       C       D       E      F
               +-------+-------+-------+-------+-------+----------------------
         Total | 100.0 | 100.0 |   8.5 |  21.0 |  52.8 | 1130.0
       Dungeon |  77.3 |  75.1 |  11.0 |  23.6 |  48.7 | 1019.0
         Sewer |  22.7 |  24.9 |   0.0 |  12.9 |  65.1 | 1685.0
               +-------+-------+-------+-------+-------+----------------------

Table legend:
 A = Kills in this place as a percentage of kills in entire the game.
 B = Kills by you in this place as a percentage of kills by you in the entire game.
 C = Kills by friends in this place as a percentage of kills by friends in the entire game.
 D = Other kills in this place as a percentage of other kills in the entire game.
 E = Experience gained in this place as a percentage of experience gained in the entire game.
 F = Experience gained in this place divided by the number of levels of this place that you have seen.
                   A       B       C       D       E      F
               +-------+-------+-------+-------+-------+----------------------
         Total | 100.0 | 100.0 |   N/A |   N/A | 100.0 | 198.2
       Dungeon |  77.8 |  77.8 |   N/A |   N/A |  58.1 | 138.2
         Sewer |  22.2 |  22.2 |   N/A |   N/A |  41.9 | 498.0
               +-------+-------+-------+-------+-------+----------------------

Action                   |  1- 3 |  4- 6 |  7- 9 || total
-------------------------+-------+-------+-------++-------
Melee: War axe           |   107 |   230 |   122 ||   459
 Fire: Hunting sling     |       |       |    22 ||    22
Throw: Stone             |    20 |    25 |    44 ||    89
  Use: Potion            |       |     1 |     5 ||     6
       Scroll            |       |       |     5 ||     5
  Eat: Chunk             |    10 |     9 |    11 ||    30
Armor: Scale mail        |    52 |    85 |    39 ||   176
       Skin              |       |       |     1 ||     1
       Chain mail        |       |       |    19 ||    19
Dodge: Dodged            |    37 |    70 |    50 ||   157
Block: Kite shield       |    49 |   107 |    63 ||   219

Vanquished Creatures
  Menkaure (D:4)
  4 big kobolds (Sewer)
  A scorpion (D:4)
  A howler monkey (D:5)
  A hound (D:4)
  3 iguanas
  A worker ant (D:3)
  8 adders
  2 river rats (Sewer)
  A shadow imp (D:5)
  An ooze (D:1)
  4 worms
  2 dart slugs
  A leopard gecko (D:3)
  6 ball pythons
  8 bats
  9 giant cockroaches
  8 goblins
  11 hobgoblins
  9 jackals (D:3)
  6 frilled lizards
  17 kobolds
  A quokka skeleton (D:4)
  20 rats
126 creatures vanquished. You could see a slave and a hound.

Levels and vault maps discovered:
D:1:      lightli_iron_boxes, layout_loops_ring, minmay_rat_gold_closets
D:2:      layout_rooms, nicolae_overflow_quartered_altars, first_ration
D:3:      layout_loops_ring, portal_sewer_entry_f, nicolae_tso_carved_into_rock,
          uniq_crazy_yiuf_cottage
D:4:      layout_loops_ring, nicolae_overflow_crystal_walls, grunt_ministairs_7,
          nicolae_ru_awakened_eye, uniq_menkaure
D:5:      layout_loops_cross, lemuel_round_altar, uniq_pikel
